 Dungeon Crawl Stone Soup version 0.30-a0-709-gcdc1b43e22 (webtiles) character file.

Game seed: 15987045340616850794

92 Dartaoz the Insei (level 4, 0/32 HPs)
             Began as a Merfolk Transmuter on Jan 22, 2023.
             Slain by a kobold
             ... wielding a +0 short sword
              (4 damage)
             ... on level 3 of the Dungeon.
             The game lasted 00:06:44 (1564 turns).

Dartaoz the Insei (Merfolk Transmuter)              Turns: 1564, Time: 00:06:44

Health: 0/32       AC:  2    Str: 10    XL:     4   Next: 60%
Magic:  5/7        EV: 17    Int: 14    God:
Gold:   3          SH:  0    Dex: 14    Spells: 1/7 levels left

rFire   . . .      SeeInvis .      - Unarmed
rCold   . . .      Faith    .    (no shield)
rNeg    . . .      Spirit   .    a - +0 robe
rPois   .          Reflect  .    (helmet currently unavailable)
rElec   .          Harm     .    (no cloak)
rCorr   .          Rampage  .    (no gloves)
Will    .....                    (boots currently unavailable)
Stlth   +                        (no amulet)
HPRegen 0.25/turn                m - +5 ring of evasion
MPRegen 0.10/turn                (no ring)

@: appendages, wereblooded, studying Ranged Weapons
A: horns 2, (nimble swimmer 2), mertail
a: End Transformation


You were on level 3 of the Dungeon.
You had temporarily grown beastly horns.
You visited 1 branch of the dungeon, and saw 3 of its levels.

You collected 87 gold pieces.
You spent 84 gold pieces at shops.

Inventory:

Armour
 a - a +0 robe (worn)
Jewellery
 m - a +5 ring of evasion (left hand)
 o - an amulet of magic regeneration
Scrolls
 c - 2 scrolls of immolation {unknown}
 f - a scroll of blinking
 j - a scroll of fear {unknown}
 k - a scroll of brand weapon {unknown}
 p - a scroll of poison {unknown}
 r - 3 scrolls of teleportation
 s - a scroll of amnesia {unknown}
Potions
 b - 2 potions of lignification
 d - 2 potions of invisibility
 e - 3 potions of heal wounds
 g - a potion of resistance
 h - 2 potions of degeneration
 i - a potion of berserk rage
 l - a potion of cancellation {unknown}
 n - 2 potions of curing
 q - a potion of mutation
 t - a potion of brilliance


   Skills:
 - Level 1.1 Fighting
 - Level 2.6 Dodging
 + Level 4.2 Unarmed Combat
 - Level 2.0 Spellcasting
 + Level 4.1 Transmutations
 + Level 2.4 Poison Magic


You had one spell level left.
You knew the following spells:

 Your Spells              Type           Power      Damage    Failure   Level
a - Beastly Appendage     Tmut           26%        N/A       4%          1
b - Wereblood             Tmut           13%        N/A       7%          2
c - Spider Form           Tmut/Pois      10%        N/A       19%         3

Your spell library contained the following spells:

 Spells                   Type           Power      Damage    Failure   Level
 Ice Form                 Ice/Tmut       7%         N/A       71%         4


Dungeon Overview and Level Annotations

Branches:
Dungeon (3/15)

Altars:
Yredelemnul

Shops:
D:3 ?


Innate Abilities, Weirdness & Mutations

You have temporarily grown beastly horns.
((You are very nimble when in or above water. (Stealth+, EV+, Speed+++)))
Your lower body shifts to a powerful aquatic tail in water.


Message History

The hound closely misses you. The jackal closely misses you.
The kobold hits you with a +0 short sword.
The hound bites you.
You are too injured to fight recklessly!
You are too injured to fight recklessly!
You are too injured to fight recklessly!
You are too injured to fight recklessly!
You miss the hound. You headbutt the hound.
The hound is severely wounded.
The jackal misses you. The hound bites you. The kobold barely misses you.
The jackal completely misses you.
You barely miss the hound. You headbutt the hound.
The hound is almost dead.
The hound misses you. The jackal misses you. The kobold completely misses you.
The hound misses you.
You barely miss the hound.
The hound is almost dead.
The jackal bites you. The hound closely misses you. The kobold misses you.
You barely miss the hound.
You headbutt the hound, but do no damage.
The hound is almost dead.
The jackal barely misses you. The hound closely misses you.
The kobold hits you with a +0 short sword.
* * * LOW HITPOINT WARNING * * *
The jackal barely misses you.
You miss the hound.
The hound is almost dead.
The hound misses you. The jackal bites you.
* * * LOW HITPOINT WARNING * * *
The kobold hits you with a +0 short sword.
* * * LOW HITPOINT WARNING * * *
The hound bites you.
* * * LOW HITPOINT WARNING * * *
You miss the hound. Your headbutt misses the hound.
The hound is almost dead.
The jackal bites you.
* * * LOW HITPOINT WARNING * * *
The hound closely misses you.
The kobold hits you with a +0 short sword.
You die...

#.# ###.# ##.#.##
##..#..#
##...'..######
###+####.[..#.......#
#.....#.....#..####.#
#..(.h#....##..#
+.?.gh@...###.#♣
#..".K#..####..+
#.....#|###.#..♣
###+######..#..♣
##...'..♣ ##....#..+
##.....#.#♣♣♣
##..)..##....# #
#.....###.##.####..


You could see a hound, a jackal, a hobgoblin and a kobold.

Vanquished Creatures
  4 adders
  A dart slug (D:1)
  An orc (D:3)
  5 ball pythons (D:1)
  3 endoplasms
  7 goblins
  6 hobgoblins
  3 quokkas
  8 bats
  2 frilled lizards (D:1)
  9 kobolds
  3 rats (D:1)
52 creatures vanquished.

Notes
Turn   | Place    | Note
-------+----------+-------------------------------------------
     0 | D:1      | Dartaoz the Merfolk Transmuter began the quest for the Orb.
     0 | D:1      | Reached XP level 1. HP: 15/15 MP: 3/3
   135 | D:1      | Reached XP level 2. HP: 21/21 MP: 3/5
   220 | D:1      | Reached skill level 1 in Poison Magic
   315 | D:1      | Reached XP level 3. HP: 24/26 MP: 4/6
   870 | D:2      | Learned a level 2 spell: Wereblood
   874 | D:2      | Learned a level 3 spell: Spider Form
   909 | D:2      | Reached XP level 4. HP: 24/32 MP: 7/7
  1340 | D:3      | Found a basalt altar of Yredelemnul.
  1379 | D:3      | Found Laimid's Magic Scroll Emporium.
  1384 | D:3      | Bought a scroll of identify for 24 gold pieces
  1384 | D:3      | Bought a scroll of identify for 24 gold pieces
  1384 | D:3      | Bought a scroll of teleportation for 36 gold pieces
  1535 | D:3      | Identified the +0 leather armour of the Watchman {Contam
                  | rN+ Int+3}
  1564 | D:3      | Slain by a kobold

Illustrated notes

Levels and vault maps discovered:
D:1:      minmay_arrival_plants_in_alcoves, layout_basic
D:2:      layout_rooms, grunt_ministairs_10
D:3:      minmay_general_purpose_star, layout_basic,
          mainiacjoe_overflow_six_doors_small, yredelemnul_altar_generic,
          serial_shops, nicolae_shop_trees, minmay_quadrilaterals, uniq_jessica

Skill      XL: |  1  2  3  4 |
---------------+-------------+-----
Transmutations | 3 4 |  4.1
Poison Magic   | 1 2 |  2.4
Unarmed Combat | 4 |  4.2
Fighting       | |  1.1
Dodging        | |  2.6
Spellcasting   | |  2.0

Action                     |  1- 3 |  4- 6 || total
---------------------------+-------+-------++-------
  Melee: Unarmed           |    90 |    67 ||   157
         Headbutt          |    13 |    12 ||    25
         Punch             |     5 |       ||     5
   Cast: Beastly Appendage |    19 |    11 ||    30
         Wereblood         |       |     1 ||     1
    Use: Scroll            |       |     9 ||     9
 Armour: Robe              |    11 |     8 ||    19
  Dodge: Dodged            |    65 |    63 ||   128

Table legend: (Time is in decaauts)
 A = Elapsed time spent in this place.
 B = Non-inter-level travel time spent in this place.
 C = Inter-level travel time spent in this place.
 D = Time resting spent in this place.
 E = Time spent auto-exploring this place.
 F = Levels seen in this place.
 G = Mean time per level.
                   A        B        C        D        E       F      G
               +--------+--------+--------+--------+--------+-----+--------+
         Total |   1551 |   1488 |     63 |      0 |   1116 |   3 |  517.0 |
       Dungeon |   1551 |   1488 |     63 |      0 |   1116 |   3 |  517.0 |
               +--------+--------+--------+--------+--------+-----+--------+

Top non-repeatable levels by time:
     D:1: 754 daAuts
     D:2: 571 daAuts
     D:3: 225 daAuts
